 Dungeon Crawl Stone Soup version 0.27.1-33-g824d729ab1 (webtiles) character file.

Game seed: 5542104655687818397

6675 DoubleLucky the Grappler (level 10, -3/102 HPs)
             Began as a Troll Fighter on Dec 5, 2021.
             Was a Follower of Qazlal.
             Slain by Snorg (17 damage)
             ... on level 10 of the Dungeon.
             The game lasted 00:39:02 (7338 turns).

DoubleLucky the Grappler (Troll Fighter)            Turns: 7338, Time: 00:39:03

Health: -3/102     AC: 12    Str: 27    XL:     10   Next: 73%
Magic:  9/9        EV:  9    Int:  6    God:    Qazlal [*.....]
Gold:   349        SH: 13    Dex:  9    Spells: 9/9 levels left

rFire    x . .     SeeInvis .     - Unarmed
rCold    + + .     Faith    .   b - +0 kite shield
rNeg     . . .     Spirit   .   M - +0 ice dragon scales
rPois    .         Reflect  .   (helmet restricted)
rElec    .         Harm     .   f - +0 cloak
rCorr    +         Rampage  .   (gloves unavailable)
Will     .....                  (boots unavailable)
Stlth    ..........             K - amulet of regeneration
HPRegen  2.27/turn              o - ring of resist corrosion
MPRegen  0.11/turn              (no ring)

@: no status effects
A: large, unfitting armour, claws 3, regeneration 1, shaggy fur 1, tough skin 1
a: Renounce Religion


You were on level 10 of the Dungeon.
You worshipped Qazlal.
Qazlal was aware of your devotion.
You visited 2 branches of the dungeon, and saw 11 of its levels.
You also visited: Ossuary.

You collected 349 gold pieces.

Inventory:

Hand Weapons
 h - a +0 dagger of venom
 N - a +0 giant spiked club
Missiles
 e - 3 silver javelins
 k - 35 poisoned darts (quivered)
 r - 181 stones
 y - 2 curare-tipped darts
 I - 3 boomerangs
 O - 2 javelins
Armour
 b - a +0 kite shield (worn)
 f - a +0 cloak (worn)
 A - a +0 animal skin
 M - +0 ice dragon scales (worn)
Jewellery
 o - a ring of resist corrosion (left claw)
 p - a ring of fire
 K - an amulet of regeneration (around neck)
Wands
 v - a wand of mindburst (13)
 z - a wand of acid (15)
 J - a wand of paralysis (7)
 L - a wand of flame (17)
Scrolls
 a - a scroll of holy word {unknown}
 g - a scroll of blinking
 j - a scroll of fear {unknown}
 n - 3 scrolls of noise
 q - a scroll of fog {unknown}
 t - a scroll of enchant armour {unknown}
 u - a scroll of magic mapping
 C - a scroll of enchant weapon {unknown}
 E - a scroll of amnesia {unknown}
 F - 2 scrolls of teleportation {unknown}
 G - 3 scrolls of vulnerability
Potions
 c - 2 potions of might
 d - 2 potions of ambrosia
 i - 2 potions of mutation {unknown}
 m - 4 potions of curing
 s - a potion of attraction {unknown}
 w - a potion of haste {unknown}
 x - a potion of resistance
 B - 2 potions of flight
 D - 4 potions of brilliance
 H - a potion of cancellation {unknown}
 P - a potion of magic {unknown}


   Skills:
 + Level 7.3 Fighting
 - Level 0.7 Throwing
 + Level 7.4 Dodging
 + Level 7.3 Shields
 + Level 8.5 Unarmed Combat


You had 9 spell levels left.
You didn't know any spells.
Your spell library contained the following spells:

 Spells                   Type           Power      Damage    Failure   Level
 Foxfire                  Conj/Fire      0%         2x1d4     90%         1
 Sting                    Tmut/Pois      0%         1d3       90%         1
 Ensorcelled Hibernation  Hex/Ice        0%         N/A       97%         2
 Poisonous Vapours        Pois/Air       0%         N/A       97%         2
 Conjure Flame            Conj/Fire      0%         6-21      99%         3
 Dazzling Flash           Conj/Hex       0%         N/A       99%         3
 Inner Flame              Hex/Fire       0%         N/A       99%         3
 Spider Form              Tmut/Pois      0%         N/A       99%         3
 Stone Arrow              Conj/Erth      0%         3d7       99%         3
 Animate Armour           Summ/Erth      0%         N/A       100%        4
 Iskenderun's Mystic Bla  Conj/Tloc      0%         2d3       100%        4
 Olgreb's Toxic Radiance  Pois           0%         N/A       100%        4
 Summon Forest            Summ/Tloc      0%         N/A       100%        5
 Eringya's Noxious Bog    Tmut/Pois      0%         N/A       100%        6
 Shadow Creatures         Summ           N/A        N/A       100%        6
 Starburst                Conj/Fire      0%         6d3       100%        6
 Summon Hydra             Summ           0%         N/A       100%        7
 Lehudib's Crystal Spear  Conj/Erth      0%         10d2      100%        8


Dungeon Overview and Level Annotations

Branches:
Dungeon (11/15)            Temple (1/1) D:7            Lair (0/6) D:11
Ossuary (visited)
    Orc: D:9-12

Altars:
Ashenzari
Cheibriados
Dithmenos
Gozag
Kikubaaqudgha
Makhleb
Nemelex Xobeh
Okawaru
Qazlal
Ru
Sif Muna
Trog
Uskayaw
Vehumet
Wu Jian
Yredelemnul
Zin
The Shining One

Annotations:
D:2 1 runed translucent door, Crazy Yiuf
D:10 Snorg


Innate Abilities, Weirdness & Mutations

You are too large for most types of armour.
You have claws for hands.
Your natural rate of healing is unusually fast.
You are covered in fur. (AC +1)
You have tough skin. (AC +1)


Message History

As you read the scroll of blinking, it crumbles to dust.
Snorg is engulfed in freezing vapours.
Throw: 36 darts (poison)
Press: ? - help, Q - select action, (/) - cycle Shift-Dir - straight line, f - Snorg
Aim: Snorg (sparse dust, moderately wounded, berserk, very poisoned, 57% to hit)
You throw a poisoned dart. The poisoned dart hits Snorg.
Snorg looks as sick as possible!
Snorg is moderately wounded.
Something hits you but does no damage. You block something's attack.
Something hits you but does no damage. Something hits you.
Something hits you! x2
Something hits you.
You hear a shout!
Something hits you but does no damage. Something hits you.
You claw Snorg!
Snorg is moderately wounded.
Snorg bites you. You block Snorg's attack. Snorg claws you! Something hits you.
You mangle Snorg!!
Snorg is heavily wounded.
Something hits you but does no damage. Snorg bites you.
You block Snorg's attack. Snorg claws you!
* * * LOW HITPOINT WARNING * * *
Something hits you but does no damage. You block Snorg's attack.
Snorg claws you but does no damage. x2
You scratch Snorg.
Snorg is heavily wounded.
Something hits you but does no damage. You block Snorg's attack.
Snorg claws you.
* * * LOW HITPOINT WARNING * * *
Snorg closely misses you. You block something's attack.
You barely miss Snorg.
Snorg is heavily wounded.
Something hits you.
* * * LOW HITPOINT WARNING * * *
You block Snorg's attack. Snorg claws you!
* * * LOW HITPOINT WARNING * * *
Snorg claws you!
You die...

#....>...## #..
#..###..(..###..
#.. #......((..
#. ##..........#
# ............#
..............
..........#.###
...?.....T####
............#@#
......#..T{#
......##..##
..... ###$#
###.. ..# ..
##.. ... #.. ..#
.#


You could see Snorg (berserk, very poisoned).

Vanquished Creatures
  A boulder beetle (D:10)
  A two-headed ogre (D:7)
  The ghost of harness the Carver, a novice TeGl of Elyvilon (D:7)
  Pikel (D:6)
  Grinder (D:6)
  Sigmund (D:6)
  Eustachio (D:5)
  3 wyverns
  Menkaure (D:7)
  A steam dragon (D:7)
  2 orc warriors (D:11)
  A black bear (D:3)
  2 sky beasts
  A hornet zombie (D:5)
  A necrophage (D:5)
  5 ogres
  A phantom (D:5)
  A kobold brigand (D:7)
  A bullfrog (D:6)
  2 scorpions
  A wyvern zombie (D:6)
  5 water moccasin zombies (Ossuary)
  6 killer bees (D:8)
  8 wights
  2 howler monkeys
  2 jellies (D:5)
  5 hounds
  4 orc priests
  A gnoll shaman (D:4)
  8 orc wizards
  Ijyb (D:3)
  Natasha (thrice) (D:2)
  A hound skeleton (D:5)
  2 mummies (Ossuary)
  Robin (D:4)
  4 gnolls (D:4)
  6 adders
  A shadow imp (D:7)
  2 white imps (D:7)
  An ufetubus (D:6)
  6 adder zombies (Ossuary)
  3 worms
  2 dart slugs
  26 orcs
  A ball python (D:4)
  7 bats
  4 endoplasms
  2 giant cockroaches
  A gnoll zombie (Ossuary)
  8 hobgoblins
  3 jackals (D:1)
  5 quokkas
  3 frilled lizards (D:3)
  18 goblins
  4 hobgoblin zombies (Ossuary)
  9 kobolds
  9 kobold zombies (Ossuary)
  7 orc zombies (Ossuary)
  9 rats
220 creatures vanquished.

Vanquished Creatures (others)
  An orc (D:7)
  A quokka (D:10)
  A goblin (D:4)
  4 plants (D:1)
7 creatures vanquished.

Grand Total: 227 creatures vanquished

Notes
Turn   | Place    | Note
-------+----------+-------------------------------------------
     0 | D:1      | DoubleLucky the Troll Fighter began the quest for the Orb.
     0 | D:1      | Reached XP level 1. HP: 22/22 MP: 0/0
   162 | D:1      | Reached XP level 2. HP: 29/29 MP: 1/1
   994 | D:2      | Reached XP level 3. HP: 36/36 MP: 2/2
   999 | D:2      | Noticed Natasha
  1006 | D:2      | Killed Natasha
  1016 | D:2      | Noticed Natasha
  1027 | D:2      | Killed Natasha
  1028 | D:2      | Reached XP level 4. HP: 44/44 MP: 3/3
  1067 | D:2      | Noticed Natasha
  1074 | D:2      | Killed Natasha
  1114 | D:2      | Reached skill level 3 in Unarmed Combat
  1125 | D:2      | Found a snail-covered altar of Cheibriados.
  1163 | D:2      | Found a runed translucent door.
  1164 | D:2      | Noticed Crazy Yiuf
  1592 | D:3      | Reached XP level 5. HP: 53/53 MP: 4/4
  1774 | D:3      | Noticed Ijyb
  1781 | D:3      | Killed Ijyb
  1836 | D:3      | Found a faded altar of an unknown god.
  2096 | D:3      | Reached XP level 6. HP: 41/61 MP: 5/5
  2176 | D:3      | Found a snail-covered altar of Cheibriados.
  2868 | D:4      | Reached skill level 4 in Unarmed Combat
  3085 | D:4      | Reached XP level 7. HP: 64/68 MP: 6/6
  3182 | D:4      | Noticed Robin
  3192 | D:4      | Killed Robin
  3678 | D:5      | Entered Level 5 of the Dungeon
  3710 | D:5      | Found a sand-covered staircase.
  3719 | Ossuary  | Entered an ossuary
  3974 | D:5      | Noticed a wyvern
  3982 | D:5      | Killed a wyvern
  3983 | D:5      | Reached skill level 5 in Unarmed Combat
  3983 | D:5      | Reached XP level 8. HP: 58/79 MP: 7/7
  4057 | D:5      | Noticed Eustachio
  4225 | D:5      | Killed Eustachio
  4562 | D:5      | Reached skill level 5 in Dodging
  4562 | D:5      | Reached skill level 5 in Shields
  4597 | D:5      | Reached skill level 5 in Fighting
  4826 | D:5      | Reached skill level 6 in Unarmed Combat
  5167 | D:6      | Noticed Pikel
  5174 | D:6      | Reached XP level 9. HP: 85/88 MP: 8/8
  5189 | D:6      | Killed Pikel
  5338 | D:6      | Noticed Grinder
  5344 | D:6      | Paralysed by Grinder for 2 turns
  5346 | D:6      | Killed Grinder
  5475 | D:6      | Noticed Sigmund
  5487 | D:6      | Killed Sigmund
  5488 | D:6      | Reached skill level 7 in Unarmed Combat
  5586 | D:6      | Identified the +1 leather armour of the Wumpus {Str+5}
  5828 | D:7      | Found a staircase to the Ecumenical Temple.
  5842 | Temple   | Entered the Ecumenical Temple
  5934 | Temple   | Became a worshipper of Qazlal Stormbringer
  5979 | D:7      | Noticed a two-headed ogre
  5992 | D:7      | Killed a two-headed ogre
  6021 | D:7      | Reached XP level 10. HP: 78/100 MP: 9/9
  6196 | D:7      | Noticed Menkaure
  6201 | D:7      | Killed Menkaure
  6422 | D:7      | Noticed harness's ghost (novice TeGl)
  6424 | D:7      | Found a transporter.
  6432 | D:7      | Found a transporter.
  6922 | D:7      | Killed harness's ghost
  6925 | D:7      | Reached skill level 8 in Unarmed Combat
  7037 | D:8      | Reached * piety under Qazlal
  7202 | D:8      | Found a sparkling altar of Nemelex Xobeh.
  7205 | D:8      | You fall into a shaft and drop 3 floors!
  7279 | D:11     | Found a staircase to the Lair.
  7279 | D:11     | Noticed a boulder beetle
  7285 | D:10     | Entered Level 10 of the Dungeon
  7318 | D:10     | Noticed Snorg
  7319 | D:10     | Killed a boulder beetle
  7338 | D:10     | Slain by Snorg

Illustrated notes

Levels and vault maps discovered:
D:1:      dpeg_arrival_subterranean_lakeside_camping, layout_basic,
          serial_forest, infiniplex_forest_end_2, infiniplex_forest_join,
          infiniplex_forest_lined_ring, infiniplex_forest_clump_double,
          infiniplex_forest_clump_cross
D:2:      layout_rooms, basic_altar, chequers_serial_rivers_micro_d,
          uniq_crazy_yiuf_cottage, uniq_natasha
D:3:      wad_river_or_something, layout_basic, chei_slow_surprise,
          shapermc_ecumenical_altar_mp_highgroup, uniq_ijyb
D:4:      layout_loops_cross, uniq_robin
D:5:      layout_gridville, nicolae_ossuary_entry_ruins, uniq_eustachio
D:6:      layout_rooms, uniq_grinder, uniq_pikel, uniq_sigmund
D:7:      layout_loops_ring, temple_pool_b, gammafunk_ghost_smash,
          lemuel_old_faithful, uniq_menkaure
D:8:      lemuel_slime, layout_basic, mainiacjoe_overflow_cross_hatched
D:10:     layout_layer_cave, elyvilon_altar_4, minmay_misc_feat_doors,
          uniq_snorg
D:11:     layout_rooms, lair_entry_dummy
Temple:   lightli_temple_of_artemis

Skill      XL: |  1  2  3  4  5  6  7  8  9 10 |
---------------+-------------------------------+-----
Dodging        | 3 4 5 6 7 |  7.4
Shields        | 3 4 5 6 7 |  7.3
Fighting       | 3 4 5 6 7 |  7.3
Unarmed Combat | 3 4 5 6 7 8 |  8.5
Throwing       | |  0.7

Action                   |  1- 3 |  4- 6 |  7- 9 | 10-12 || total
-------------------------+-------+-------+-------+-------++-------
Melee: Unarmed           |    78 |   165 |   378 |   158 ||   779
Throw: Stone             |       |    11 |    55 |    11 ||    77
       Dart              |       |       |    32 |     9 ||    41
  Use: Scroll            |       |     2 |     8 |     3 ||    13
       Potion            |       |       |     2 |     1 ||     3
 Stab: Sleeping          |     1 |       |       |       ||     1
Armor: Robe              |    27 |    36 |     2 |       ||    65
       Animal skin       |       |       |   104 |       ||   104
       Ice dragon scales |       |       |    11 |    68 ||    79
Dodge: Dodged            |    29 |    48 |   142 |    39 ||   258
Block: Kite shield       |    37 |    83 |   185 |    94 ||   399
